 Seeded DCSS version 0.31-a0-963-ga325b2283a (webtiles) character file.

Game seed: 2546108723154378589 (custom seed)

1462 Ahpoh the Carver (level 8, 0/65 HPs)
             Began as a Barachi Fighter on Oct 24, 2023.
             Succumbed to a gnoll sergeant's poison
             ... on level 6 of the Dungeon.
             The game lasted 00:18:17 (6361 turns).

Ahpoh the Carver (Barachi Fighter)                  Turns: 6361, Time: 00:18:18

Health: 0/65       AC:  9    Str: 17    XL:     8   Next: 77%
Magic:  8/8        EV: 10    Int:  8    God:
Gold:   366        SH:  5    Dex: 15    Spells: 7/7 levels left

rFire   . . .        a - +0 long sword
rCold   . . .        c - +0 buckler
rNeg    . . .        b - +0 scale mail
rPois   .            (no helmet)
rElec   .            (no cloak)
rCorr   .            e - +0 pair of gloves
SInv    .            (no boots)
Will    .....        (no amulet) Stlth
                     u - ring of flight
HPRegen 0.30/turn    (no ring)
MPRegen 0.11/turn

%: no passive effects
@: mighty, lethally poisoned (0 -> -6), unable to hop, flying, slow
A: amphibious, slowness 1, strong legs 1, +LOS
a: Hop


You were on level 6 of the Dungeon.
You visited 1 branch of the dungeon, and saw 8 of its levels.

You collected 394 gold pieces.
You spent 28 gold pieces at shops.

Inventory:

Hand Weapons
 a - a +0 long sword (weapon)
Armour
 b - a +0 scale mail (worn)
 c - a +0 buckler (worn)
 e - a +0 pair of gloves (worn)
 l - a +0 crystal plate armour
Jewellery
 h - a +6 ring of intelligence
 i - a ring of wizardry
 u - a ring of flight (left hand)
Wands
 s - a wand of charming (12)
Scrolls
 g - a scroll of fog {unknown}
 k - a scroll of poison {unknown}
 m - 3 scrolls of teleportation
 n - a scroll of noise
 o - a scroll of amnesia
 q - a scroll of torment {unknown}
 t - a scroll of enchant weapon {unknown}
 x - a scroll of vulnerability {unknown}
Potions
 f - a potion of cancellation
 j - a potion of attraction {unknown}
 p - a potion of haste {unknown}
 r - 2 potions of lignification {unknown}
 v - a potion of degeneration {unknown}
 w - a potion of resistance {unknown}
 z - a potion of berserk rage {unknown}
 A - a potion of ambrosia {unknown}
 B - a potion of enlightenment {unknown}


   Skills:
 * Level 6.3 Fighting
 * Level 8.5 Long Blades
 * Level 7.3 Armour
 * Level 2.8 Dodging
 - Level 0.1 Stealth
 * Level 4.5 Shields
 + Level 0.3 Evocations


You had 7 spell levels left.
You didn't know any spells.
Your spell library contained the following spells:

 Spells                   Type           Power      Damage    Failure   Level
 Necrotise                Necr           0%         1d4       85%         1
 Frozen Ramparts          Ice            0%         1d1       99%         3
 Summon Guardian Golem    Hex/Summ       0%         N/A       99%         3
 Vampiric Draining        Necr           0%         2d6       99%         3
 Petrify                  Tmut/Erth      0%         N/A       100%        4
 Agony                    Necr           0%         N/A       100%        5
 Metabolic Englaciation   Hex/Ice        0%         N/A       100%        5
 Conjure Ball Lightning   Conj/Air       0%         3x3d6     100%        6
 Orb of Destruction       Conj           0%         9d5       100%        7
 Spellforged Servitor     Conj/Summ      0%         N/A       100%        7
 Discord                  Hex            0%         N/A       100%        8
 Disjunction              Tloc           0%         N/A       100%        8


Dungeon Overview and Level Annotations

Branches:
Dungeon (8/15)
 Temple: D:4-7         Lair: D:8-11

Altars:
Hepliaklqana
Makhleb
Nemelex Xobeh
Trog
Vehumet
Xom
Yredelemnul

Shops:
D:1 ?

Annotations:
D:2 1 runed translucent door, Crazy Yiuf
D:6 2 runed translucent doors, Cancer's ghost, novice GrEE


Innate Abilities, Weirdness & Mutations

You are amphibious.
You cover ground slowly.
You can hop short distances.
You have an extended range of vision and can be seen from far away.


Message History

The scorpion stings you but does no damage. x2
You hit the scorpion.
The scorpion is severely wounded.
You feel sick.
You are no longer poisoned.
The scorpion stings you but does no damage.
You closely miss the scorpion.
The scorpion is severely wounded.
The scorpion stings you.
You slash the scorpion!
You kill the scorpion!
You block the gnoll sergeant's attack.
Aiming: Charm
Press: ? - help, Q - select action, (/) - cycle Shift-Dir - straight line, f - wight
Aim: a wight, wielding a +4 battleaxe and wearing a +0 robe (chance to affect: 50%)
The wight is charmed.
The gnoll sergeant hits you from afar with a +2 trident of venom!
Found a stone staircase leading up.
The gnoll sergeant attacks as it pursues you!
The gnoll sergeant hits you from afar with a +2 trident of venom!
* * * LOW HITPOINT WARNING * * *
You are lethally poisoned!
Okay, then.
Unknown command.
Okay, then.
* * * LOW HITPOINT WARNING * * *
You feel very sick.
* * * LOW HITPOINT WARNING * * *
You feel very sick.
There is a stone staircase leading up here.
* * * LOW HITPOINT WARNING * * *
You feel very sick. The gnoll sergeant closely misses you.
You fly upwards.
Level annotation: 2 runed translucent doors, Cancer's ghost, novice GrEE
* * * LOW HITPOINT WARNING * * *
You feel sick.
There is a stone staircase leading down here.
There is a lethal amount of poison in your body!
You die...

....#..#.รท...#.#.##.###........#
######.#.....#.#.##.##.........#
.............#.#.##............##
######.#.#.#...#.................
#.#.#.......#.....#.####....
#.#.#####.#.#.....#.# #....
#.#.......#.#.....#.# #....
######.#########.#.....#.# #....
...............z@'(....#.# #....
######.###########.....#.# #....
#.# #.....#.####.... #.#
#.....#......... #.#
#.....########## #.# #.....# #.#
####### #.# #.#


You could see a friendly wight (charmed).

Vanquished Creatures
  A water moccasin (D:7)
  2 sky beasts (D:6)
  An ogre (D:5)
  A black bear (D:5)
  A kobold brigand (D:8)
  A gnoll sergeant (D:8)
  4 scorpions
  A howler monkey (D:6)
  3 hounds
  A gnoll bouda (D:5)
  2 orc priests
  Jessica (D:2)
  Natasha (twice) (D:2)
  2 iguanas
  3 orc wizards
  9 gnolls
  5 adders
  A shadow imp (D:6)
  2 white imps (D:6)
  2 ufetubi (D:5)
  3 worms
  9 orcs
  An endoplasm (D:1)
  2 giant cockroaches
  A goblin (D:1)
  4 hobgoblins
  A quokka (D:4)
  4 ball pythons
  3 bats
  6 frilled lizards
  5 kobolds
  3 rats
87 creatures vanquished.

Vanquished Creatures (collateral kills)
  A gnoll (D:8)
  3 kobolds (D:8)
4 creatures vanquished.

Grand Total: 91 creatures vanquished

Notes
Turn   | Place    | Note
-------+----------+-------------------------------------------
     0 | D:1      | Ahpoh the Barachi Fighter began the quest for the Orb.
     0 | D:1      | Reached XP level 1. HP: 18/18 MP: 1/1
   164 | D:1      | Found Tyugio's Magic Scroll Shop.
   187 | D:1      | Bought a scroll of identify for 28 gold pieces
   220 | D:1      | Found a faded altar of an unknown god.
   220 | D:1      | Noticed a shadow demon
   717 | D:2      | Reached XP level 2. HP: 25/25 MP: 2/2
  1066 | D:2      | Found a runed translucent door.
  1067 | D:2      | Noticed Crazy Yiuf
  1121 | D:2      | Noticed Natasha
  1128 | D:2      | Killed Natasha
  1129 | D:2      | Reached skill level 3 in Long Blades
  1129 | D:2      | Reached XP level 3. HP: 18/30 MP: 3/3
  1434 | D:2      | Noticed Jessica
  1442 | D:2      | Killed Jessica
  1443 | D:2      | Reached XP level 4. HP: 32/38 MP: 4/4
  1772 | D:2      | Noticed Natasha
  1784 | D:2      | Killed Natasha
  1954 | D:3      | Found a sparkling altar of Nemelex Xobeh.
  2049 | D:3      | Reached skill level 4 in Long Blades
  2090 | D:3      | Reached XP level 5. HP: 22/43 MP: 5/5
  2327 | D:3      | Found a hazy altar of Hepliaklqana.
  2980 | D:4      | Found a bloodstained altar of Trog.
  2984 | D:4      | Found a basalt altar of Yredelemnul.
  3190 | D:4      | Found a radiant altar of Vehumet.
  3473 | D:5      | Entered Level 5 of the Dungeon
  3545 | D:5      | Reached skill level 5 in Long Blades
  3545 | D:5      | Reached skill level 5 in Armour
  3545 | D:5      | Reached skill level 1 in Dodging
  3545 | D:5      | Reached XP level 6. HP: 42/50 MP: 6/6
  3619 | D:5      | Noticed a black bear
  3623 | D:5      | Killed a black bear
  3624 | D:5      | Reached skill level 5 in Fighting
  3796 | D:5      | Reached skill level 6 in Long Blades
  3796 | D:5      | Reached XP level 7. HP: 30/56 MP: 7/7
  3998 | D:5      | Found a shimmering altar of Xom.
  4624 | D:5      | Found a burning altar of Makhleb.
  4638 | D:5      | Reached skill level 7 in Long Blades
  5077 | D:6      | Found a runed translucent door.
  5081 | D:6      | Noticed Cancer's ghost (novice GrEE)
  5107 | D:6      | Identified the +8 chain mail "Xeskaqusm" {rElec rCorr}
  5184 | D:6      | Found a runed translucent door.
  5253 | D:6      | Reached XP level 8. HP: 53/64 MP: 8/8
  5952 | D:7      | Reached skill level 8 in Long Blades
  6151 | D:8      | Identified the "Doyluin"
  6359 | D:7      | HP: 3/65 [poisoned by a gnoll sergeant]
  6360 | D:6      | HP: 1/65 [poisoned by a gnoll sergeant]
  6361 | D:6      | Succumbed to a gnoll sergeant's poison

Illustrated notes

Levels and vault maps discovered:
D:1:      dpeg_arrival_three_smaller_balls, layout_basic, serial_shops, shop,
          dreamdust_ecumenical_altar_sealed_demon
D:2:      layout_loops_cross, uniq_crazy_yiuf_cottage, uniq_jessica,
          uniq_natasha
D:3:      layout_loops_ring, nemelex_xobeh_ov_fountains_minmay,
          marbit_many_paths, serial_glass, glass_columns_b, glass_columns_a,
          moated_statue
D:4:      layout_basic, lemuel_round_altar, mainiacjoe_overflow_catch_the_wave
D:5:      wad_lake_hut, layout_loops_ring, makhleb_blood_cavern_becter,
          lemuel_tele_altar, kennysheep_generic_room_3
D:6:      layout_basic, ebering_ghost_sewer_f
D:7:      layout_loops_ring, cheibrodos_worm_habitat,
          minmay_temple_entry_slanted
D:8:      layout_cave_pods, tso_oasis_becter, ebering_ghost_disaster_area

Skill      XL: |  1  2  3  4  5  6  7  8 |
---------------+-------------------------+-----
Armour         | 4 5 6 7 |  7.3
Fighting       | 4 5 6 |  6.3
Long Blades    | 3 4 5 6 7 8 |  8.5
Dodging        | 1 2 |  2.8
Shields        | 4 |  4.5
Stealth        | |  0.1
Evocations     | |  0.3

Action                     |  1- 3 |  4- 6 |  7- 9 || total
---------------------------+-------+-------+-------++-------
  Melee: Long sword        |    70 |   151 |   208 ||   429
Ability: Hop               |       |     2 |     2 ||     4
  Evoke: Wand              |       |     3 |     6 ||     9
    Use: Scroll            |       |     4 |     2 ||     6
         Potion            |       |     1 |     8 ||     9
 Armour: Scale mail        |    41 |   124 |   161 ||   326
  Dodge: Dodged            |    37 |    90 |    76 ||   203
  Block: Buckler           |    13 |    38 |    37 ||    88

Table legend: (Time is in decaauts)
 A = Elapsed time spent in this place.
 B = Non-inter-level travel time spent in this place.
 C = Inter-level travel time spent in this place.
 D = Time resting spent in this place.
 E = Time spent auto-exploring this place.
 F = Levels seen in this place.
 G = Mean time per level.
                   A        B        C        D        E       F      G
               +--------+--------+--------+--------+--------+-----+--------+
         Total |   7348 |   7220 |    128 |    845 |   4807 |   8 |  918.5 |
       Dungeon |   7348 |   7220 |    128 |    845 |   4807 |   8 |  918.5 |
               +--------+--------+--------+--------+--------+-----+--------+

Top non-repeatable levels by time:
     D:5: 1446 daAuts
     D:6: 1211 daAuts
     D:2: 1200 daAuts
     D:3: 1080 daAuts
     D:4: 1059 daAuts
     D:1: 786 daAuts
     D:7: 362 daAuts
     D:8: 199 daAuts
